 Dungeon Crawl Stone Soup version 0.30-a0-2-gf48d83f5e2 (webtiles) character file.

Game seed: 4808804237161407414

1864 frimble the Chopper (level 8, 0/63 HPs)
             Began as a Demonspawn Earth Elementalist on Aug 20, 2022.
             Was a Follower of Cheibriados.
             Slain by an ogre
             ... wielding a +0 giant spiked club
              (28 damage)
             ... on level 7 of the Dungeon.
             The game lasted 00:09:08 (7605 turns).

frimble the Chopper (Demonspawn Earth Elementalist) Turns: 7605, Time: 00:09:09

Health: 0/63       AC: 15    Str: 11    XL:     8   Next: 90%
Magic:  12/12      EV: 12    Int: 18    God:    Cheibriados [*.....]
Gold:   369        SH:  6    Dex: 18    Spells: 7/11 levels left

rFire   . . .      SeeInvis .    o - +4 trident (flame)
rCold   . . .      Faith    .    v - +0 buckler
rNeg    . . .      Spirit   .    a - +0 robe
rPois   .          Reflect  .    (helmet restricted)
rElec   .          Harm     .    s - +0 cloak
rCorr   .          Rampage  .    f - +0 pair of gloves
Will    .....                    r - +0 pair of boots
Stlth   ++........               (no amulet)
HPRegen 0.20/turn                (no ring)
MPRegen 0.13/turn                (no ring)

@: sanguine armoured, very slow
A: horns 1, demonic guardian 1, spiny 1, sanguine armour 2, high MP 1, shaggy
fur 1, no potion heal 1
a: Renounce Religion, Bend Time


You were on level 7 of the Dungeon.
You worshipped Cheibriados.
Cheibriados was aware of your devotion.
You visited 1 branch of the dungeon, and saw 7 of its levels.

You collected 369 gold pieces.

Inventory:

Hand Weapons
 c - a +4 hand axe
 o - a +4 trident of flaming (weapon)
Missiles
 n - 2 throwing nets
Armour
 a - a +0 robe (worn)
 f - a +0 pair of gloves (worn)
 r - a +0 pair of boots (worn)
 s - a +0 cloak (worn)
 v - a +0 buckler (worn)
Jewellery
 l - a ring of ice
Wands
 w - a wand of paralysis (6)
Scrolls
 b - 6 scrolls of identify
 j - 5 scrolls of teleportation
 u - a scroll of immolation
Potions
 d - 3 potions of haste
 e - 3 potions of attraction
 g - a potion of brilliance
 i - 3 potions of mutation
 k - a potion of invisibility
 m - a potion of flight
 t - a potion of heal wounds
 x - a potion of might


   Skills:
 + Level 5.4 Fighting
 + Level 6.4(6.5) Axes
 - Level 1.7(4.4) Polearms
 - Level 1.9 Dodging
 - Level 2.0 Stealth
 + Level 4.8 Shields
 - Level 2.1 Spellcasting
 - Level 1.1 Transmutations
 - Level 2.8 Earth Magic
 + Level 3.7 Invocations


You had 7 spell levels left.
You knew the following spells:

 Your Spells              Type           Power      Damage    Failure   Level
a - Sandblast             Erth           24%        2d8       7%          1
b - Apportation           Tloc           2%         N/A       22%         1
c - Passwall              Tmut/Erth      7%         N/A       16%         2

Your spell library contained the following spells:

 Spells                   Type           Power      Damage    Failure   Level
 Foxfire                  Conj/Fire      4%         2x1d4     22%         1
 Magic Dart               Conj           4%         1d3       22%         1
 Necrotise                Necr           4%         1d4       22%         1
 Summon Small Mammal      Summ           4%         N/A       22%         1
 Call Imp                 Summ           1%         N/A       34%         2
 Ensorcelled Hibernation  Hex/Ice        2%         N/A       34%         2
 Stone Arrow              Conj/Erth      14%        3d7       36%         3
 Conjure Flame            Conj/Fire      1%         6-21      56%         3
 Inner Flame              Hex/Fire       1%         N/A       56%         3
 Mephitic Cloud           Conj/Pois/Air  1%         N/A       56%         3
 Swiftness                Air            1%         N/A       56%         3
 Petrify                  Tmut/Erth      9%         N/A       69%         4
 Flame Wave               Conj/Fire      1%         2d4       92%         4


Dungeon Overview and Level Annotations

Branches:
Dungeon (7/15)             Temple (0/1) D:7

Altars:
Ashenzari
Cheibriados
Dithmenos
Ru
Vehumet
Xom

Shops:
D:2 (


Innate Abilities, Weirdness & Mutations

You have a pair of small horns on your head.
A weak demonic guardian rushes to your aid.
You are partially covered in sharp spines.
When seriously injured, your blood forms thick armour. (AC +9)
You have an increased reservoir of magic. (+10% MP)
You are covered in fur. (AC +1)
Potions are less effective at restoring your health.


Message History

You block the steam dragon's attack. The steam dragon claws you.
An ogre comes into view. It is wielding a +0 giant spiked club.
The steam dragon breathes steam at you. The ball of steam hits you!
Your blood congeals into armour.
The ogre shouts!
You are too injured to fight recklessly!
You are too injured to fight recklessly!
You are too injured to fight recklessly!
You are too injured to fight recklessly!
You are too injured to fight recklessly!
You are too injured to fight recklessly!
You are too injured to fight recklessly!
You are too injured to fight recklessly!
You are too injured to fight recklessly!
You barely miss the steam dragon.
The steam dragon is moderately wounded.
You block the steam dragon's attack.
The steam dragon claws you but does no damage.
You puncture the steam dragon! You burn the steam dragon.
You headbutt the steam dragon, but do no damage.
The steam dragon is severely wounded.
The steam dragon bites you!
The steam dragon claws you but does no damage.
You closely miss the steam dragon.
The steam dragon is severely wounded.
You are engulfed in a cloud of scalding steam.
The steam dragon closely misses you. You block the steam dragon's attack.
You hit the steam dragon. You burn the steam dragon.
The steam dragon is severely wounded.
The steam dragon breathes steam at you. The ball of steam misses you.
You hit the steam dragon. You burn the steam dragon.
The steam dragon is almost dead.
You are engulfed in a cloud of scalding steam.
The steam dragon is struck by your spines.
You kill the steam dragon!
Cheibriados thoroughly appreciates the change of pace.
The ogre is struck by your spines.
The ogre hits you with a +0 giant spiked club!!
You die...

≈≈≈≈≈....# #...#
#....
≈≈≈≈≈≈≈≈≈..###...#
#####
≈≈≈≈≈≈≈≈≈≈.......#
≈...≈≈≈≈≈≈.##....##
≈.>.≈≈≈≈≈≈.###....#
~...≈≈≈≈≈≈.# #....#
≈≈≈≈≈≈≈≈≈..#
####.###
≈≈≈≈≈≈≈....#
#...###
≈≈≈≈≈.O@§..#
###...#
...........# ###.##
###.###....#
######..# # #....#
#.......# #....#
#.#######. ####.#
..~~~..# .#
.~...~.. ..
.~._.~.. .~...~..


You could see an ogre.

Vanquished Creatures
  2 steam dragons (D:7)
  Edmund (D:5)
  A water moccasin (D:6)
  A sky beast (D:6)
  2 ogres
  A centaur (D:5)
  2 gnoll sergeants (D:5)
  4 scorpions
  2 orc priests
  A gnoll bouda (D:6)
  4 hounds
  2 jellies (D:6)
  2 iguanas
  2 orc wizards
  16 gnolls
  8 adders
  A white imp (D:6)
  2 ufetubi
  2 worms
  6 dart slugs
  7 orcs
  3 endoplasms
  3 giant cockroaches
  5 goblins
  6 hobgoblins
  2 jackals (D:2)
  9 kobolds
  6 quokkas
  4 ball pythons
  4 bats (D:3)
  2 frilled lizards (D:2)
  8 rats
121 creatures vanquished.

Notes
Turn   | Place    | Note
-------+----------+-------------------------------------------
     0 | D:1      | frimble the Demonspawn Earth Elementalist began the quest
                  | for the Orb.
     0 | D:1      | Reached XP level 1. HP: 13/13 MP: 3/3
    59 | D:1      | Found a faded altar of an unknown god.
    71 | D:1      | Reached skill level 1 in Transmutations
    71 | D:1      | Gained mutation: You are partially covered in sharp spines.
                  | [demonic ancestry]
    71 | D:1      | Reached XP level 2. HP: 4/19 MP: 1/5
   543 | D:1      | Reached skill level 1 in Fighting
  1404 | D:2      | Gained mutation: When seriously injured, your blood forms
                  | armour. (AC +9) [demonic ancestry]
  1404 | D:2      | Reached XP level 3. HP: 26/26 MP: 6/6
  1435 | D:2      | Reached skill level 1 in Axes
  2070 | D:2      | Reached XP level 4. HP: 31/33 MP: 7/7
  2117 | D:2      | Found Gozy's Weapon Shop.
  2425 | D:3      | Reached skill level 2 in Axes
  2643 | D:3      | Identified the +3 dagger of Death's Door {elec, Will++
                  | Stlth-}
  2662 | D:4      | Noticed a scorpion
  2676 | D:4      | Gained mutation: You have an increased reservoir of magic.
                  | (+10% MP) [potion of mutation]
  2676 | D:4      | Gained mutation: Potions are less effective at restoring
                  | your health. [potion of mutation]
  2676 | D:4      | Gained mutation: You are covered in fur. (AC +1) [potion of
                  | mutation]
  2677 | D:4      | HP: 2/51 [poisoned by a scorpion]
  2680 | D:4      | Killed a scorpion
  2681 | D:4      | Gained mutation: A weak demonic guardian rushes to your
                  | aid. [demonic ancestry]
  2681 | D:4      | Reached XP level 5. HP: 9/41 MP: 9/9
  3286 | D:3      | Found a shadowy altar of Dithmenos.
  3392 | D:3      | Found a shimmering altar of Xom.
  3392 | D:3      | Found a broken altar of Ashenzari.
  3726 | D:4      | Reached skill level 3 in Axes
  4025 | D:5      | Entered Level 5 of the Dungeon
  4025 | D:5      | Noticed an ogre
  4032 | D:5      | Killed an ogre
  4033 | D:5      | Gained mutation: You have a pair of small horns on your
                  | head. [demonic ancestry]
  4033 | D:5      | Reached XP level 6. HP: 48/48 MP: 6/10
  4457 | D:5      | Reached skill level 4 in Axes
  4585 | D:5      | Reached skill level 1 in Shields
  4697 | D:5      | Noticed Edmund
  4840 | D:6      | Reached XP level 7. HP: 24/55 MP: 11/11
  5263 | D:6      | Found a snail-covered altar of Cheibriados.
  5280 | D:6      | Became a worshipper of Cheibriados the Contemplative
  5283 | D:6      | Learned a level 1 spell: Apportation
  5286 | D:6      | Learned a level 2 spell: Passwall
  5342 | D:5      | Reached skill level 5 in Axes
  5602 | D:5      | HP: 2/55 [gnoll sergeant/+4 trident of flaming (3)]
  5701 | D:5      | Reached skill level 1 in Polearms
  5701 | D:5      | Gained mutation: When seriously injured, your blood forms
                  | thick armour. (AC +9) [demonic ancestry]
  5701 | D:5      | Reached XP level 8. HP: 29/61 MP: 12/12
  6007 | D:5      | Killed Edmund
  6493 | D:6      | Reached skill level 1 in Invocations
  6678 | D:7      | Reached * piety under Cheibriados
  6786 | D:7      | Reached skill level 6 in Axes
  7209 | D:6      | Reached skill level 5 in Fighting
  7401 | D:6      | Found a radiant altar of Vehumet.
  7538 | D:7      | Found a sacrificial altar of Ru.
  7594 | D:7      | Found a staircase to the Ecumenical Temple.
  7605 | D:7      | Slain by an ogre

Illustrated notes

Levels and vault maps discovered:
D:1:      dpeg_arrival_fog, layout_basic, ebering_ecumenical_altar_hall,
          dreamdust_wishing_well, roderic_roman_lattice, chequers_avenue
D:2:      layout_loops_ring, serial_shops, nicolae_shop_bloodbath_and_beyond
D:3:      cheibrodos_helix_gallery, layout_loops_ring, grunt_dithmenos_smoke,
          gammafunk_temple_overflow_statue, minivault_11,
          kennysheep_generic_room_10
D:4:      layout_basic
D:5:      layout_gridville, uniq_edmund
D:6:      layout_cave_pools, cheibriados_altar_1, mainiacjoe_overflow_chevrons
D:7:      layout_basic, nicolae_ru_awakened_eye, temple_pool_b

Skill      XL: |  1  2  3  4  5  6  7  8 |
---------------+-------------------------+-----
Stealth        | 2 |  2.0
Transmutations | 1 |  1.1
Fighting       | 1 2 3 4 5 |  5.4
Axes           | 1 2 3 4 5 6 |  6.4
Shields        | 1 3 4 |  4.8
Polearms       | 1 |  1.7
Invocations    | 3 |  3.7
Dodging        | |  1.9
Spellcasting   | |  2.1
Earth Magic    | |  2.8

Action                   |  1- 3 |  4- 6 |  7- 9 || total
-------------------------+-------+-------+-------++-------
Melee: Hand axe          |    52 |   119 |    38 ||   209
       Headbutt          |       |    15 |    23 ||    38
       Punch             |       |     2 |       ||     2
       Trident           |       |       |    92 ||    92
 Cast: Sandblast         |    10 |     4 |       ||    14
  Use: Potion            |     1 |     9 |     2 ||    12
       Scroll            |     2 |     6 |     4 ||    12
 Stab: Sleeping          |     4 |     8 |     4 ||    16
       Invisible         |       |     2 |       ||     2
Armor: Robe              |     9 |    36 |    34 ||    79
       Skin              |       |    11 |       ||    11
Dodge: Dodged            |    28 |    81 |    66 ||   175
Block: Buckler           |       |     6 |    37 ||    43

Table legend: (Time is in decaauts)
 A = Elapsed time spent in this place.
 B = Non-inter-level travel time spent in this place.
 C = Inter-level travel time spent in this place.
 D = Time resting spent in this place.
 E = Time spent auto-exploring this place.
 F = Levels seen in this place.
 G = Mean time per level.
                   A        B        C        D        E       F      G
               +--------+--------+--------+--------+--------+-----+--------+
         Total |   8070 |   7741 |    329 |    369 |   6290 |   7 | 1152.9 |
       Dungeon |   8070 |   7741 |    329 |    369 |   6290 |   7 | 1152.9 |
               +--------+--------+--------+--------+--------+-----+--------+

Top non-repeatable levels by time:
     D:5: 1946 daAuts
     D:6: 1367 daAuts
     D:1: 1363 daAuts
     D:4: 936 daAuts
     D:3: 907 daAuts
     D:2: 848 daAuts
     D:7: 701 daAuts
